 Dungeon Crawl Stone Soup version 0.29-a0-334-gb41bcbb86e (webtiles) character file.

Game seed: 715158501266677148

2 spaghetti the Magician (level 1, -1/16 HPs)
             Began as a Djinni Summoner on Apr 14, 2022.
             Slain by a quokka (4 damage)
             ... on level 1 of the Dungeon.
             The game lasted 00:00:21 (75 turns).

spaghetti the Magician (Djinni Summoner)              Turns: 75, Time: 00:00:21

Health: -1/16      AC:  2    Str:  7    XL:     1   Next: 33%
Gold:   0          EV: 12    Int: 16    God:
                   SH:  0    Dex: 13

rFire   + + .      SeeInvis .   c - staff of conjuration {!a@e2staff}
rCold   x . .      Faith    .   (no shield)
rNeg    . . .      Spirit   .   a - +0 robe
rPois   ∞          Reflect  .   (no helmet)
rElec   .          Harm     .   (no cloak)
rCorr   .          Rampage  .   (no gloves)
Will    .....                   (boots unavailable)
Stlth   ++........              (no amulet)
HPRegen 0.05/turn               (no ring)
MPRegen 0.00/turn               (no ring)

@: flying
A: sickness immunity, fire resistance 2, cold vulnerability 1, float, innate
caster, HP casting, extra vitality 1
a: no special abilities


You were on level 1 of the Dungeon.
You visited 1 branch of the dungeon, and saw 1 of its levels.


Innate Abilities, Weirdness & Mutations

You are immune to sickness and miasma.
You are immune to poison.
Your flesh is very heat resistant. (rF++)
You are vulnerable to cold. (rC-)
You float through the air rather than walking.
You learn spells naturally, not from books.
Your magical power is your life essence.
You have superior vitality. (+4 MHP)


   Skills:
 + Level 0.6 Fighting
 - Level 2.1 Dodging
 - Level 1.5 Stealth
 - Level 3.2 Spellcasting


You couldn't memorise any spells.
You knew the following spells:

 Your Spells              Type           Power      Damage    Failure   Level
a - Summon Small Mammal   Summ           52%        N/A       4%          1
b - Call Imp              Summ           13%        N/A       7%          2
c - Call Canine Familiar  Summ           13%        N/A       14%         3
d - Summon Guardian Gole  Hex/Summ       13%        N/A       14%         3
e - Summon Lightning Spi  Summ/Air       13%        N/A       43%         4
Your spell library was empty.

Inventory:

Armour
 a - a +0 robe (worn)
Magical Staves
 c - a staff of conjuration (weapon) {!a@e2staff}
   (You found it on level 1 of the Dungeon)
Scrolls
 b - a scroll of identify {unknown}

Dungeon Overview and Level Annotations

Branches:
Dungeon (1/15)

Altars:

..##.#.## ..
........# #.
#.##.#.? #.
#.##.#.. #.
#.##.#.# #.
#.##.#.# #.
#†##†#.#####.
#.##.##.........#
##...@rb...#######
###.....######
#.....###
#.###.####### ..
#.......##########
#.
#.#####.##........
# ...#
#.....#######
#.### #.#.### #.
#...#


You could see a quokka (ally target) and a friendly bat (summoned).


Message History

You begin with the following spells memorised: Summon Small Mammal, Call Imp, Call Canine Familiar, Summon Guardian Golem, Summon Lightning Spire.
b - a scroll labelled UFRUTI IRASMO A bat comes into view.
A bat is nearby!
c - a staff of conjuration {!a@e2staff}
There are no items here.
c - a staff of conjuration (weapon)
{!a@e2staff} No target in view!
Really attack while wielding your staff of conjuration {!a@e2staff}? [Y]es or [N]o only, please.
Really attack while wielding your staff of conjuration {!a@e2staff}? [Y]es or [N]o only, please.
Really attack while wielding your staff of conjuration {!a@e2staff}? [Y]es or [N]o only, please.
Really attack while wielding your staff of conjuration {!a@e2staff}?
The helpless bat fails to defend itself.
You hit the bat.
You kill the bat! 😎 HP[+1]
You now have 16 max hp (+1).
Your hp is fully restored (16).
You see here a bat corpse.
You see here a bat corpse.
You see here a +0 dagger {short}.
A frilled lizard comes into view.
A frilled lizard is nearby!
A frilled lizard is nearby!
A frilled lizard is nearby!
A frilled lizard is nearby!
The frilled lizard closely misses you.
You closely miss the frilled lizard. The frilled lizard closely misses you.
You closely miss the frilled lizard. The frilled lizard barely misses you.
The frilled lizard bites you but does no damage.
You closely miss the frilled lizard. The frilled lizard misses you.
You hit the frilled lizard.
You kill the frilled lizard!
No target in view!
No target in view!
No target in view!
No target in view!
No target in view!
No target in view!
No target in view!
A quokka comes into view.
A quokka is nearby!
A quokka is nearby!
A quokka is nearby!
A quokka is nearby!
The quokka misses you.
You barely miss the quokka. Your punch misses the quokka.
The quokka bites you. 😕 HP[-3]
You take 3 damage, and now have 13/16 hp.
You are too injured to fight recklessly!
You are too injured to fight recklessly!
You are too injured to fight recklessly!
You are too injured to fight recklessly!
You are too injured to fight recklessly!
You are too injured to fight recklessly!
You are too injured to fight recklessly!
You are too injured to fight recklessly!
You are too injured to fight recklessly!
You are too injured to fight recklessly!
You are too injured to fight recklessly!
You are too injured to fight recklessly!
You are too injured to fight recklessly!
You hit the quokka but do no damage. The quokka bites you.
The quokka bites you but does no damage. 😮 HP[-2]
You take 2 damage, and now have 11/16 hp.
You hit the quokka. The quokka bites you. 😮 HP[-1]
You take 1 damage, and now have 10/16 hp.
You closely miss the quokka.
The quokka bites you but does no damage.
You miss the quokka. The quokka bites you. x2
* * * LOW HITPOINT WARNING * * *
😨 HP[-5]
You take 5 damage, and now have 5/16 hp.
MASSIVE DAMAGE!! (PAUSE) Cast which spell? (? or * to list)
* * * LOW HITPOINT WARNING * * *
The quokka closely misses you. 😱 HP[-1]
You take 1 damage, and now have 4/16 hp.
Unknown command.
The quokka bites your bat.
Your bat hits the quokka but does no damage.
Your bat closely misses the quokka.
Your bat closely misses the quokka.
You see here a +0 dagger {short}.
The quokka attacks as you move away! The quokka bites you.
* * * LOW HITPOINT WARNING * * *
Your bat closely misses the quokka. 😱 HP[-1]
You take 1 damage, and now have 3/16 hp.
You closely miss the quokka. Your bat misses the quokka. The quokka misses you.
Your bat misses the quokka. You hit the quokka but do no damage.
Your bat hits the quokka but does no damage.
The quokka barely misses you. The quokka bites you.
You die...

Action                   || total
-------------------------++-------
Melee: Staff             ||    12
 Cast: Summon Small Mamm ||     1
 Stab: Sleeping          ||     1
Armor: Robe              ||     3
Dodge: Dodged            ||     8

Levels and vault maps discovered:
D:1:      sevenhm_arrival_forest_fort_small_4, layout_loops_ring

Notes
Turn   | Place    | Note
-------+----------+-------------------------------------------
     0 | D:1      | spaghetti the Djinni Summoner began the quest for the Orb.
     0 | D:1      | Reached XP level 1. HP: 15/15 MP: 0/0
     0 | D:1      | magus.rc [v1.9.6]
    73 | D:1      | HP: 3/16 [quokka (1)]
    75 | D:1      | Slain by a quokka

Vanquished Creatures
  A bat (D:1)
  A frilled lizard (D:1)
2 creatures vanquished.

Table legend:
 A = Non-vault XP
 B = Vault XP
 C = Vault XP percentage of total XP
 D = Non-vault monster count
 E = Vault monster count
 F = Vault count percentage of total count
                 A         B        C        D         E       F
            +---------+---------+-------+---------+---------+-------
      Total |       3 |       0 |   0.0 |       2 |       0 |   0.0
            +---------+---------+-------+---------+---------+-------
        D:1 |       3 |       0 |   0.0 |       2 |       0 |   0.0
            +---------+---------+-------+---------+---------+-------

Illustrated notes

Table legend:
 A = Kills in this place as a percentage of kills in entire the game.
 B = Kills by you in this place as a percentage of kills by you in the entire game.
 C = Kills by friends in this place as a percentage of kills by friends in the entire game.
 D = Other kills in this place as a percentage of other kills in the entire game.
 E = Experience gained in this place as a percentage of experience gained in the entire game.
 F = Experience gained in this place divided by the number of levels of this place that you have seen.
                   A       B       C       D       E      F
               +-------+-------+-------+-------+-------+----------------------
         Total | 100.0 | 100.0 |   N/A |   N/A | 100.0 |   3.0
       Dungeon | 100.0 | 100.0 |   N/A |   N/A | 100.0 |   3.0
               +-------+-------+-------+-------+-------+----------------------

Table legend: (Time is in decaauts)
 A = Elapsed time spent in this place.
 B = Non-inter-level travel time spent in this place.
 C = Inter-level travel time spent in this place.
 D = Time resting spent in this place.
 E = Time spent auto-exploring this place.
 F = Levels seen in this place.
 G = Mean time per level.
                   A        B        C        D        E       F      G
               +--------+--------+--------+--------+--------+-----+--------+
         Total |     76 |     76 |      0 |      0 |     41 |   1 |   76.0 |
       Dungeon |     76 |     76 |      0 |      0 |     41 |   1 |   76.0 |
               +--------+--------+--------+--------+--------+-----+--------+

Top non-repeatable levels by time:
     D:1: 76 daAuts
